 Dungeon Crawl Stone Soup version 0.31-a0-167-g1c394c0614 (webtiles) character file.

Game seed: 7358582821795007678

1601 senseless the Ducker (level 8, -13/37 HPs)
             Began as a Felid Transmuter on June 14, 2023.
             Was a Follower of the Shining One.
             Mangled by Sonja
             ... wielding a +2 short sword of distortion
              (19 damage)
             ... on level 10 of the Dungeon.
             The game lasted 00:24:46 (6151 turns).

senseless the Ducker (Felid Transmuter)             Turns: 6151, Time: 00:24:47

Health: -13/37     AC:  8    Str:  6    XL:     8   Next: 62%
Magic:  24/26      EV: 22    Int: 15    God:    the Shining One [*.....]
Gold:   116        SH:  4    Dex: 18    Spells: 14/17 levels left
                                        Lives:  0   Deaths: 2

rFire   . .          .
                       - Unarmed
rCold   . . .        (shield unavailable)
rNeg    . . .        (body armour unavailable)
rPois   .            (helmet unavailable)
rElec   .            (cloak unavailable)
rCorr   .            (gloves unavailable)
SInv    +            (boots unavailable)
Will    +....        (no amulet)
Stlth   +            g - ring of magical power
HPRegen 0.26/turn    m - +4 ring of protection
MPRegen 0.20/turn

%: no passive effects
@: appendages, wereblooded, slowed, glowing, slow
A: horns 2, very small, claws 1, fangs 3, see invisible, speed 1, shaggy fur 2,
stealthy paws, no weapons or thrown items, no armour, multi-lived, iridescent
scales 1, large bone plates 1
a: End Transformation, Renounce Religion, Divine Shield


You were on level 10 of the Dungeon.
You worshipped the Shining One.
The Shining One was aware of your devotion.
You had temporarily grown beastly horns.
You visited 1 branch of the dungeon, and saw 8 of its levels.
You also visited: Sewer.

You collected 317 gold pieces.
You spent 201 gold pieces at shops.

Inventory:

Jewellery
 g - a ring of magical power (left paw)
 m - a +4 ring of protection (right paw)
 t - a ring of resist corrosion
Wands
 i - a wand of roots (19)
Scrolls
 c - a scroll of vulnerability
 d - 3 scrolls of fear
 e - 5 scrolls of teleportation
 j - 3 scrolls of fog
 q - a scroll of silence {unknown}
 r - a scroll of blinking
 u - a scroll of enchant weapon {unknown}
 v - a scroll of immolation {unknown}
Potions
 a - a potion of lignification
 b - 2 potions of brilliance
 f - a potion of might
 h - 2 potions of haste
 k - a potion of mutation
 l - a potion of magic
 n - a potion of attraction
 o - 2 potions of curing
 p - a potion of resistance
 s - a potion of heal wounds


   Skills:
 + Level 5.5 Fighting
 + Level 7.8 Dodging
 + Level 6.3 Unarmed Combat
 + Level 5.4 Spellcasting
 + Level 6.3 Transmutations


You had 14 spell levels left.
You knew the following spells:

 Your Spells              Type           Power      Damage    Failure   Level
a - Beastly Appendage     Tmut           46%        N/A       1%          1
b - Wereblood             Tmut           23%        N/A       1%          2

Your spell library contained the following spells:

 Spells                   Type           Power      Damage    Failure   Level
 Passwall                 Tmut/Erth      10%        N/A       6%          2
 Spider Form              Tmut/Pois      13%        N/A       13%         3
 Magic Dart               Conj           16%        1d3       16%         1
 Sandblast                Erth           8%         2d5       16%         1
 Scorch                   Fire           8%         2d5       24%         2
 Searing Ray              Conj           8%         2d4       24%         2
 Static Discharge         Conj/Air       8%         2-3/arc   24%         2
 Ice Form                 Ice/Tmut       13%        N/A       38%         4
 Stone Arrow              Conj/Erth      8%         3d7       43%         3
 Airstrike                Air            2%         2d(1-17)  83%         4
 Flame Wave               Conj/Fire      4%         2d5       83%         4
 Fulminant Prism          Conj/Hex       2%         3d5       83%         4
 Summon Lightning Spire   Summ/Air       4%         N/A       83%         4
 Summon Cactus Giant      Summ           2%         N/A       100%        6
 Malign Gateway           Summ/Tloc      2%         N/A       100%        7
 Summon Horrible Things   Summ           2%         N/A       100%        8


Dungeon Overview and Level Annotations

Branches:
Dungeon (7/15)             Temple (0/1) D:6           Sewer (visited)

Altars:
Ashenzari
Hepliaklqana
Kikubaaqudgha
Qazlal
Ru
The Shining One

Shops:
D:2 (   D:6 ?

Annotations:
D:7 1 transporter, oufanbear's ghost, novice MiBe
D:10 Sonja


Innate Abilities, Weirdness & Mutations

You have temporarily grown beastly horns.
You have sharp claws.
You have razor-sharp teeth.
You have supernaturally acute eyesight. (SInv)
You cover ground quickly. (Speed+)
You are covered in thick fur. (AC +2)
Your paws help you pounce on unaware monsters.
You are incapable of wielding weapons or throwing items.
You cannot wear armour.
You gain extra lives every three experience levels.
You are partially covered in iridescent scales. (AC +2)
You are partially covered in large bone plates. (SH +4)


Message History

You feel very sick.
Sonja throws a curare-tipped dart.
The curare-tipped dart completely misses you.
Casting: Wereblood (safe; 1% risk of failure)
Confirm with . or Enter, or press ? or * to list all spells.
You extend your transformation's duration.
You feel sick.
You feel sick.
Sonja casts a spell.
Sonja blinks!
No target in view!
No target in view!
You feel sick.
You feel sick.
You are no longer poisoned.
Sonja hits you with a +2 short sword of distortion.
Sonja misses you.
Sonja hits you with a +2 short sword of distortion.
Space warps around you. Sonja closely misses you. You block Sonja's attack.
Sonja completely misses you.
You closely miss Sonja. You headbutt Sonja. You claw Sonja.
Sonja is lightly wounded.
Sonja closely misses you. Sonja barely misses you. You block Sonja's attack.
You barely miss Sonja.
Sonja is lightly wounded.
You block Sonja's attack. Sonja hits you but does no damage.
Space warps around you. Sonja hits you but does no damage.
You blink.
Sonja plants her feet in a plie.
Sonja misses you. Sonja closely misses you. x2
You claw Sonja!
Sonja is moderately wounded.
Sonja hits you with a +2 short sword of distortion.
* * * LOW HITPOINT WARNING * * *
Space warps around you.
* * * LOW HITPOINT WARNING * * *
Sonja hits you with a +2 short sword of distortion.
* * * LOW HITPOINT WARNING * * *
Space warps horribly around you!!
Ouch! That really hurt!
You die...

#.# ... #### #.# ..#
#.# #.# #.# #@# #.#
#####K####.##
#.....ยง.....#
.....#.###...########
##.#.#.##............
# #.###...########
..# ##.## .### #.#
##. #.#


You could see Sonja.

Vanquished Creatures
  A water moccasin (D:6)
  3 black bears
  2 ice beasts
  A sky beast (D:6)
  A centaur (D:7)
  A phantom (D:5)
  A kobold brigand (D:10)
  2 bullfrogs (Sewer)
  3 scorpions
  5 wights (D:6)
  4 killer bees (D:7)
  4 howler monkeys
  3 hounds
  A jelly (D:7)
  3 orc priests
  A sleepcap (D:5)
  A gnoll bouda (D:6)
  An orc wizard (D:7)
  4 gnolls (D:6)
  18 adders
  6 river rats
  A shadow imp (D:7)
  A white imp (D:6)
  An ufetubus (D:4)
  A worm (D:4)
  2 dart slugs
  11 orcs
  5 bats
  An endoplasm (Sewer)
  2 giant cockroaches
  5 hobgoblins
  5 quokkas
  14 ball pythons
  10 frilled lizards
  6 goblins
  7 kobolds
  18 rats
156 creatures vanquished.

Notes
Turn   | Place    | Note
-------+----------+-------------------------------------------
     0 | D:1      | senseless the Felid Transmuter began the quest for the Orb.
     0 | D:1      | Reached XP level 1. HP: 9/9 MP: 4/4
   138 | D:1      | Reached XP level 2. HP: 12/12 MP: 4/6
   202 | D:1      | Reached skill level 3 in Dodging
   347 | D:1      | Found a faded altar of an unknown god.
   401 | D:1      | Learned a level 2 spell: Wereblood
  1047 | D:2      | Reached XP level 3. HP: 12/15 MP: 3/7
  1315 | D:2      | Found Gooduifo's Antique Weapon Boutique.
  1652 | D:3      | Noticed a scorpion
  1667 | D:3      | Killed a scorpion
  1668 | D:3      | Reached XP level 4. HP: 19/19 MP: 5/9
  1716 | D:3      | Identified the +2 whip of Niboc {spect, Int+5 Stlth+}
  2005 | D:3      | Reached XP level 5. HP: 6/22 MP: 2/10
  2037 | D:3      | Reached skill level 4 in Dodging
  2261 | D:3      | Gained mutation: You occasionally lose the ability to drink
                  | potions when taking damage. [potion of mutation]
  2261 | D:3      | Gained mutation: Your muscles are strong. (Str +4, Int/Dex
                  | -1) [potion of mutation]
  2262 | D:3      | Lost mutation: Your muscles are strong. (Str +4, Int/Dex
                  | -1) [potion of mutation]
  2262 | D:3      | Lost mutation: You occasionally lose the ability to drink
                  | potions when taking damage. [potion of mutation]
  2262 | D:3      | Gained mutation: You are partially covered in iridescent
                  | scales. (AC +2) [potion of mutation]
  2262 | D:3      | Gained mutation: You are partially covered in large bone
                  | plates. (SH +4) [potion of mutation]
  2299 | D:4      | Found an ancient bone altar of Kikubaaqudgha.
  2440 | D:4      | Found a glowing drain.
  2456 | Sewer    | Entered a sewer
  2666 | Sewer    | Gained mutation: You are covered in thick fur. (AC +2)
                  | [Felid growth]
  2666 | Sewer    | Reached XP level 6. HP: 17/27 MP: 8/11
  2931 | Sewer    | Slain by a bullfrog
  2932 | Sewer    | Reached XP level 5. HP: -2/24 MP: 10/10
  3000 | Sewer    | Reached skill level 5 in Dodging
  3000 | Sewer    | Reached XP level 6. HP: 16/28 MP: 6/12
  4029 | D:5      | Entered Level 5 of the Dungeon
  4029 | D:5      | Found a sacrificial altar of Ru.
  4029 | D:5      | Found a broken altar of Ashenzari.
  4029 | D:5      | Found a hazy altar of Hepliaklqana.
  4032 | D:5      | Found a stormy altar of Qazlal.
  4060 | D:5      | Found a glowing golden altar of the Shining One.
  4075 | D:5      | Became a worshipper of the Shining One
  4145 | D:5      | Reached XP level 7. HP: 31/31 MP: 13/13
  4528 | D:5      | Reached skill level 6 in Dodging
  4528 | D:5      | Reached skill level 5 in Unarmed Combat
  4718 | D:6      | Found Hapn's Magic Scroll Shop.
  4750 | D:6      | Bought a scroll of identify for 26 gold pieces
  4750 | D:6      | Bought a scroll of identify for 26 gold pieces
  4750 | D:6      | Bought a scroll of blinking for 97 gold pieces
  4750 | D:6      | Bought a scroll of identify for 26 gold pieces
  4750 | D:6      | Bought a scroll of identify for 26 gold pieces
  4827 | D:6      | Reached skill level 5 in Transmutations
  4903 | D:6      | Reached XP level 8. HP: 36/36 MP: 15/15
  5019 | D:6      | Found a staircase to the Ecumenical Temple.
  5450 | D:6      | Reached * piety under the Shining One
  5461 | D:6      | Slain by a wight
  5462 | D:6      | Reached XP level 7. HP: -1/29 MP: 24/24
  5515 | D:6      | Reached skill level 7 in Dodging
  5588 | D:7      | Reached skill level 5 in Fighting
  5588 | D:7      | Reached skill level 5 in Spellcasting
  5685 | D:7      | Reached XP level 8. HP: 37/37 MP: 16/16
  5788 | D:7      | HP: 1/37 [orc priest/divine providence (9)]
  6006 | D:7      | Found a transporter.
  6011 | D:7      | Noticed oufanbear's ghost (novice MiBe)
  6012 | D:7      | Noticed a moth of wrath
  6039 | D:7      | You fall into a shaft and drop 3 floors!
  6039 | D:10     | Entered Level 10 of the Dungeon
  6142 | D:10     | Noticed Sonja
  6151 | D:10     | Mangled by Sonja

Illustrated notes

Levels and vault maps discovered:
D:1:      lightli_arrival_statuegarden, layout_rooms,
          shapermc_ecumenical_altar_venn, dreamdust_mushroom_princess
D:2:      layout_basic, serial_shops, shop
D:3:      layout_basic
D:4:      layout_gridville, lemuel_tele_altar, portal_sewer_entry_a,
          serial_bayou, serial_bayou_lake_a, serial_bayou_pond_c,
          serial_bayou_ford_a, serial_bayou_lagoon_b, serial_bayou_shore_b,
          serial_bayou_pond_b
D:5:      layout_rooms, grunt_temple_overflow_open,
          nicolae_qazlal_scattered_showers
D:6:      layout_basic, minmay_temple_entry_ruins, serial_shops, shop
D:7:      layout_rooms, marbit_many_paths, gammafunk_ghost_berserking_beasts,
          grunt_ministairs_2, uniq_menkaure, uniq_pikel, uniq_duvessa
D:10:     layout_loops_corners, nicolae_dithmenos_the_darkroom,
          ebering_ghost_xom, uniq_sonja

Skill      XL: |  1  2  3  4  5  6  7  8 |
---------------+-------------------------+-----
Dodging        | 3 5 7 |  7.8
Fighting       | 2 3 5 |  5.5
Transmutations | 3 4 5 6 |  6.3
Spellcasting   | 3 5 |  5.4
Unarmed Combat | 4 5 6 |  6.3

Action                     |  1- 3 |  4- 6 |  7- 9 || total
---------------------------+-------+-------+-------++-------
  Melee: Unarmed           |    81 |   247 |   239 ||   567
         Headbutt          |    10 |    30 |    66 ||   106
         Bite              |    10 |    18 |    36 ||    64
         Punch             |     1 |     4 |    18 ||    23
   Cast: Beastly Appendage |    23 |    38 |    28 ||    89
         Wereblood         |    11 |    39 |    26 ||    76
    Use: Scroll            |     7 |     7 |     8 ||    22
         Potion            |       |     7 |       ||     7
   Stab: Sleeping          |     1 |     2 |       ||     3
 Armour: Skin              |     6 |    44 |    43 ||    93
  Dodge: Dodged            |    61 |   293 |   235 ||   589
  Block: Other             |       |    64 |    45 ||   109

Table legend: (Time is in decaauts)
 A = Elapsed time spent in this place.
 B = Non-inter-level travel time spent in this place.
 C = Inter-level travel time spent in this place.
 D = Time resting spent in this place.
 E = Time spent auto-exploring this place.
 F = Levels seen in this place.
 G = Mean time per level.
                   A        B        C        D        E       F      G
               +--------+--------+--------+--------+--------+-----+--------+
         Total |   5526 |   5426 |    100 |    114 |   4082 |   9 |  614.0 |
       Dungeon |   4857 |   4757 |    100 |    114 |   3668 |   8 |  607.1 |
         Sewer |    668 |    668 |      0 |      0 |    414 |   1 |  668.0 |
               +--------+--------+--------+--------+--------+-----+--------+

Top non-repeatable levels by time:
     D:4: 1000 daAuts
     D:2: 884 daAuts
     D:6: 800 daAuts
   Sewer: 668 daAuts
     D:3: 578 daAuts
     D:5: 547 daAuts
     D:1: 518 daAuts
     D:7: 430 daAuts
    D:10: 97 daAuts
